 Dungeon Crawl Stone Soup version 0.20.1-1-g8b1a95d (webtiles) character file.

44978 vatarom the Grappler (level 13, -5/139 HPs)
             Began as a Troll Transmuter on Sept 10, 2017.
             Was a High Priest of Ashenzari.
             Killed by divine providence
             ... invoked by a meliai
              (12 damage)
             ... on level 6 of the Lair of Beasts.
             The game lasted 00:36:35 (16507 turns).

vatarom the Grappler (Troll Transmuter)            Turns: 16507, Time: 00:36:36

Health: -5/139     AC:  2    Str: 30    XL:     13   Next: 99%
Magic:  11/12      EV: 30    Int: 13    God:    Ashenzari [*****.]
Gold:   1105       SH:  2    Dex: 15    Spells: 4/14 levels left

rFire    . . .     SeeInvis +     - Unarmed
rCold    . . .     Gourm    +   (shield currently unavailable)
rNeg     . . .     Faith    .   (armour currently unavailable)
rPois    .         Spirit   .   (helmet currently unavailable)
rElec    .         Reflect  +   (cloak currently unavailable)
rCorr    .         Harm     .   (gloves unavailable)
MR       .....     Clarity  +   (boots unavailable)
Stlth    ++........             L - +2 amulet of reflection (curse)
Regen    0.8/turn               q - ring of poison resistance (curse)
MPRegen  0.2/turn               k - +4 ring of strength (curse)

@: mighty, lethally poisoned (-5 -> -11), spider-form (expiring)
A: unfitting armour, berserk 1, fast metabolism 3, gourmand, low mp 1,
regeneration 1
a: End Transformation, Curse Item, Scrying, Transfer Knowledge, Renounce
Religion


You were on level 6 of the Lair of Beasts.
You worshipped Ashenzari.
Ashenzari was extremely pleased with you.
You were very full.
You were a venomous arachnid creature.
You visited 3 branches of the dungeon, and saw 18 of its levels.
You also visited: Ossuary.

You collected 1105 gold pieces.

Inventory:

Missiles
 a - 288 arrows
 H - 5 javelins
 I - 4 tomahawks (quivered)
Armour
 b - a cursed +0 cloak of magic resistance (melded)
 x - a cursed +0 hat (melded)
 y - cursed +0 steam dragon scales (melded)
Jewellery
 g - an uncursed ring of wizardry
 k - a cursed +4 ring of strength (right front leg)
 l - an uncursed ring of resist corrosion
 o - an uncursed ring of positive energy
 q - a cursed ring of poison resistance (left front leg)
 w - an uncursed ring of protection from fire
 L - a cursed +2 amulet of reflection (around neck)
 R - an uncursed ring of protection from cold
 W - an uncursed ring of fire
Wands
 j - a wand of confusion (32/48)
 u - a wand of confusion (26/48)
 E - a wand of enslavement (5/24)
 G - a wand of flame (24/48)
 J - a wand of scattershot (6/9)
 T - a wand of acid (10/15)
 U - a wand of random effects (21/48)
 X - a wand of flame (17/48)
 Y - a wand of disintegration (11/24)
Scrolls
 e - 3 scrolls of amnesia
 h - 16 scrolls of identify
 m - 7 scrolls of enchant weapon
 s - 3 scrolls of recharging
 B - a scroll of fog
 F - 3 scrolls of remove curse
 S - a scroll of magic mapping
Potions
 n - a potion of cancellation
 r - 2 potions of brilliance
 v - 3 potions of agility
 C - 3 potions of degeneration
 N - 2 potions of curing
 O - a potion of flight
 V - a potion of haste
Books
 c - a book of Changes

   Spells                             Type                      Level
   a - Beastly Appendage              Transmutation                1
   b - Sticks to Snakes               Transmutation                2
   c - Spider Form                    Transmutation/Poison         3
   d - Ice Form                       Ice/Transmutation            4
   e - Blade Hands                    Transmutation                5
 D - a book of Spatial Translocations

   Spells                             Type                      Level
   a - Blink                          Translocation                2
   b - Shroud of Golubria             Charms/Translocation         2
   c - Lesser Beckoning               Translocation                3
   d - Gell's Gravitas                Translocation                3
   e - Teleport Other                 Translocation                3
   f - Passage of Golubria            Translocation                4
Comestibles
 d - 11 bread rations
 f - 4 meat rations
 i - 13 royal jellies
 p - 15 fruits


   Skills:
 * Level 11.8 Fighting
 - Level 9.5 Throwing
 - Level 6.9(11.0) Dodging
 + Level 13.1 Unarmed Combat
 - Level 1.2 Spellcasting
 - Level 6.6(10.7) Transmutations


You had 4 spell levels left.
You knew the following spells:

 Your Spells              Type           Power        Failure   Level  Hunger
a - Beastly Appendage     Tmut           ####..       3%          1    ##.....
b - Sticks to Snakes      Tmut           ####....     3%          2    ###....
c - Spider Form           Tmut/Pois      ###.......   22%         3    ####...
d - Ice Form              Ice/Tmut       ###.....     47%         4    #####..


Dungeon Overview and Level Annotations

Branches:
Dungeon (11/15)            Temple (1/1) D:5            Lair (6/6) D:9
  Swamp (0/4) Lair:2        Snake (0/4) Lair:4        Slime (0/5) Lair:5
    Orc (0/2) D:9

Altars:
Ashenzari
Cheibriados
Dithmenos
Elyvilon
Fedhas
Gozag
Hepliaklqana
Kikubaaqudgha
Makhleb
Nemelex Xobeh
Okawaru
Qazlal
Ru
Sif Muna
Trog
Uskayaw
Vehumet
Xom
Yredelemnul
Zin
The Shining One

Shops:
D:6 %*(!   D:8 =

Annotations:
Lair:3 exclusion: 2 oklob plants
Lair:4 exclusion: 2 oklob plants


Innate Abilities, Weirdness & Mutations

You are too large for most types of armour.
((You have claws for hands.))
Your metabolism is lightning-fast.
You like to eat raw meat.
Your natural rate of healing is unusually fast.
((You are covered in fur. (AC +1)))
((You have very tough skin. (AC +2)))
You tend to lose your temper in combat.
Your magical capacity is low. (-10% MP)
((Your movements are slightly less encumbered by armour. (ER -2)))


Message History

Unknown command.
You feel sick. The killer bee misses you. x2
The killer bee completely misses you.
Items here: †††† a killer bee corpse x4
You feel sick. The killer bee stings you!
* * * LOW HITPOINT WARNING * * *
You are more poisoned.
The killer bee poisons you! The killer bee misses you.
The killer bee closely misses you.
Unknown command.
You maul the killer bee!!!
You kill the killer bee!
You feel sick. The killer bee barely misses you. The killer bee stings you.
* * * LOW HITPOINT WARNING * * *
You are more poisoned.
The killer bee poisons you!
The meliai calls down the wrath of its god upon you.
Something smites you!
You die...

,#............##.#...#..#####
**#.............##.###.#..#### ,*
#..#..........#####.#.....##
.,**#.............####..#....###
....###...........####.........##
..(............y...###.........#.
.....##y..........###.......P..†#
.......P.###...†#####...........#
......y.y.##.y{#s###........#...#
.........{y###yy##.........P.....
........y.y########....÷....P....
...........{#{.%{.#....÷.........
##.<........{{%%yy#....÷.........
##.........{#%..{.#..........[...
#######.#..#{...%#..÷...........
#....#.{...#..............
*,..##y.%.%#..............


You could see a meliai and 2 killer bees.

Vanquished Creatures
  Gastronok (D:9)
  4 hydras
  2 catoblepae (Lair:6)
  Erica (D:9)
  3 two-headed ogres
  5 death yaks
  Nergalle (Lair:2)
  Sonja (Lair:4)
  5 elephants
  2 black mambas
  8 spiny frogs
  2 molten gargoyles (Lair:4)
  2 rime drakes (Lair:5)
  The ghost of ThereIsNoGod the Digger, a novice DrEE of Ru (D:5)
  8 komodo dragons
  3 polar bears
  A meliai (Lair:6)
  A troll (D:10)
  The ghost of ceb the Chopper, an amateur DsGl (D:4)
  13 blink frogs
  2 hornets (D:8)
  10 hippogriffs
  A meliai zombie (D:11)
  17 dream sheep
  A spriggan (Lair:2)
  A wraith (D:10)
  3 wyverns
  2 basilisks
  22 yaks
  2 steam dragons
  A warg (Lair:6)
  A swamp worm (Lair:2)
  2 nagas (Lair:4)
  12 water moccasins
  A soldier ant (D:8)
  6 porcupines
  5 orc warriors
  3 ice beasts
  A phantom (D:9)
  3 ogres
  6 black bears
  A sky beast (D:11)
  A necrophage (D:10)
  6 centaurs
  24 wolves
  4 elf zombies (Ossuary)
  3 big kobolds
  9 crocodiles
  11 bullfrogs
  A wyvern zombie (D:7)
  A wyvern skeleton (D:11)
  2 scorpions
  9 killer bees
  3 howler monkeys
  An electric eel (Lair:1)
  5 lava snakes (Lair:4)
  6 centaur zombies (Ossuary)
  A quasit (D:10)
  A jelly (D:9)
  5 crimson imps
  4 bullfrog zombies
  6 hounds
  2 human zombies (Ossuary)
  2 centaur skeletons
  An orc priest (D:10)
  9 orc wizards
  A bullfrog skeleton (D:10)
  6 iguanas
  6 hell rats (Lair:5)
  8 worker ants
  A hound zombie (D:11)
  A hound skeleton (D:5)
  3 mummies (Ossuary)
  A howler monkey zombie (D:5)
  3 worker ant zombies
  A howler monkey skeleton (D:10)
  4 gnolls
  7 adders
  2 shadow imps
  An adder skeleton (D:6)
  An adder zombie (D:7)
  5 worms
  5 dart slugs
  5 leopard geckos
  20 orcs
  8 bats
  5 giant cockroaches
  14 goblins
  5 hobgoblins
  6 jackals
  A quokka (D:3)
  6 frilled lizards
  13 kobolds
  A leopard gecko skeleton (D:4)
  A quokka zombie (D:8)
  12 rats
438 creatures vanquished.

Vanquished Creatures (others)
  7 fungi
  7 plants
14 creatures vanquished.

Grand Total: 452 creatures vanquished

Notes
Turn   | Place    | Note
-------+----------+-------------------------------------------
     0 | D:1      | vatarom the Troll Transmuter began the quest for the Orb.
     0 | D:1      | Reached XP level 1. HP: 18/18 MP: 1/1
    76 | D:1      | Reached skill level 1 in Fighting
   133 | D:1      | Reached XP level 2. HP: 27/27 MP: 2/2
   728 | D:1      | Reached XP level 3. HP: 35/35 MP: 3/3
  1363 | D:2      | Reached skill level 4 in Unarmed Combat
  1542 | D:2      | Reached XP level 4. HP: 43/44 MP: 4/4
  2052 | D:3      | Reached XP level 5. HP: 40/50 MP: 5/5
  2597 | D:4      | Reached skill level 5 in Unarmed Combat
  2699 | D:4      | Reached XP level 6. HP: 42/59 MP: 6/6
  2701 | D:4      | Reached skill level 6 in Unarmed Combat
  2878 | D:4      | Found a shattered altar of Ashenzari.
  2902 | D:4      | Found a radiant altar of Vehumet.
  3011 | D:5      | Entered Level 5 of the Dungeon
  3025 | D:5      | Found a staircase to the Ecumenical Temple.
  3031 | Temple   | Entered the Ecumenical Temple
  3131 | D:5      | Reached skill level 7 in Unarmed Combat
  3174 | D:5      | Noticed ThereIsNoGod's ghost (novice DrEE)
  3183 | D:5      | Reached XP level 7. HP: 49/66 MP: 7/7
  3219 | D:5      | Killed ThereIsNoGod's ghost
  3219 | D:5      | Reached skill level 8 in Unarmed Combat
  3331 | D:5      | Reached skill level 9 in Unarmed Combat
  3366 | D:5      | Found a sparkling altar of Nemelex Xobeh.
  3402 | D:5      | Reached XP level 8. HP: 51/74 MP: 8/8
  3421 | D:4      | Became a worshipper of Ashenzari the Shackled
  3493 | D:4      | Noticed ceb's ghost (amateur DsGl)
  3502 | D:4      | Killed ceb's ghost
  3502 | D:4      | Reached skill level 10 in Unarmed Combat
  4041 | D:6      | Found Ureu's General Store.
  4073 | D:6      | Found Iqoagy's Food Boutique.
  4084 | D:6      | Noticed a hippogriff
  4093 | D:6      | Killed a hippogriff
  4138 | D:6      | Found Unolasin's Weapon Shoppe.
  4161 | D:6      | Found Wileus's Distillery.
  4332 | D:6      | Found a bloodstained altar of Trog.
  4360 | D:6      | Found a sand-covered staircase.
  4380 | D:6      | Found a basalt altar of Yredelemnul.
  4397 | Ossuary  | Entered an ossuary
  4453 | Ossuary  | Reached skill level 5 in Dodging
  4465 | Ossuary  | Reached XP level 9. HP: 50/80 MP: 9/9
  5122 | D:7      | Reached * piety under Ashenzari
  5448 | D:8      | Found Igalel Fyts's Jewellery Shop.
  5675 | D:8      | Paralysed by a hornet for 1 turns
  5679 | D:8      | Paralysed by a hornet for 2 turns
  5895 | D:8      | Noticed a two-headed ogre
  5904 | D:8      | Killed a two-headed ogre
  5904 | D:8      | Reached skill level 5 in Fighting
  5904 | D:8      | Reached XP level 10. HP: 51/98 MP: 10/10
  6012 | D:8      | Found a radiant altar of Vehumet.
  6047 | D:8      | Found a hide-covered altar of Uskayaw.
  6047 | D:8      | Noticed a dagger
  6047 | D:8      | Noticed a hand axe
  6355 | D:8      | Found a sparkling altar of Nemelex Xobeh.
  6358 | D:8      | Found a glowing silver altar of Zin.
  6361 | D:8      | Found a sacrificial altar of Ru.
  6760 | D:9      | Gained mutation: Scrolls take you a little longer to read. [potion of mutation]
  6760 | D:9      | Gained mutation: You tend to lose your temper in combat. [potion of mutation]
  6760 | D:9      | Gained mutation: You are partially covered in yellow scales. (AC +2) [potion of mutation]
  6761 | D:9      | Lost mutation: Scrolls take you a little longer to read. [potion of mutation]
  6761 | D:9      | Lost mutation: You are partially covered in yellow scales. (AC +2) [potion of mutation]
  6761 | D:9      | Gained mutation: Your magical capacity is low. (-10% MP) [potion of mutation]
  6761 | D:9      | Gained mutation: Your movements are slightly less encumbered by armour. (ER -2) [potion of mutation]
  6819 | D:9      | Reached ** piety under Ashenzari
  6888 | D:9      | Identified a scroll of acquirement
  6937 | D:9      | Noticed Gastronok
  6948 | D:9      | Reached skill level 1 in Throwing
  6964 | D:9      | Killed Gastronok
  6964 | D:9      | Reached skill level 5 in Throwing
  7054 | D:9      | Found a staircase to the Lair.
  7098 | D:9      | Noticed Erica
  7108 | D:9      | Killed Erica
  7275 | D:9      | Learned a level 2 spell: Sticks to Snakes
  7313 | D:9      | Found a glowing golden altar of the Shining One.
  7412 | D:9      | Found a hazy altar of Hepliaklqana.
  7469 | D:9      | Found a staircase to the Orcish Mines.
  7585 | D:9      | Found a shimmering altar of Xom.
  7658 | D:10     | Entered Level 10 of the Dungeon
  7668 | D:10     | Reached XP level 11. HP: 106/109 MP: 10/10
  7783 | D:10     | Noticed a two-headed ogre
  7789 | D:10     | Killed a two-headed ogre
  8076 | D:10     | Noticed a two-headed ogre
  8096 | D:10     | Killed a two-headed ogre
  9231 | D:11     | Noticed a two-headed ogre
  9231 | D:11     | Noticed a skeletal warrior
  9231 | D:11     | Noticed a skeletal warrior
  9231 | D:11     | Noticed a skeletal warrior
  9232 | D:11     | Noticed a skeletal warrior
  9399 | Lair:1   | Entered Level 1 of the Lair of Beasts
  9399 | Lair:1   | Identified the +5 scale mail "Nosy" {*Corrode +Blink +Inv MR+ Int+3}
  9457 | Lair:1   | Reached *** piety under Ashenzari
 10347 | Lair:2   | Found a labyrinth entrance.
 10390 | Lair:2   | Reached **** piety under Ashenzari
 10432 | Lair:2   | Learned a level 3 spell: Spider Form
 10454 | Lair:2   | Noticed Nergalle
 10666 | Lair:2   | Killed Nergalle
 10666 | Lair:2   | Reached skill level 5 in Transmutations
 10732 | Lair:2   | Reached XP level 12. HP: 77/118 MP: 11/11
 10933 | Lair:2   | Found a staircase to the Swamp.
 11825 | Lair:3   | Reached skill level 11 in Unarmed Combat
 12495 | Lair:3   | Noticed an eight-headed hydra
 12510 | Lair:3   | Killed an eight-headed hydra
 13035 | Lair:4   | Noticed Sonja
 13046 | Lair:4   | Killed Sonja
 13209 | Lair:4   | Noticed a five-headed hydra
 13219 | Lair:4   | Killed a five-headed hydra
 13320 | Lair:4   | Reached XP level 13. HP: 109/131 MP: 8/12
 13423 | Lair:4   | Reached skill level 12 in Unarmed Combat
 13475 | Lair:4   | Found a staircase to the Snake Pit.
 13732 | Lair:4   | Reached skill level 10 in Fighting
 13958 | Lair:4   | Learned a level 4 spell: Ice Form
 14364 | Lair:5   | Reached ***** piety under Ashenzari
 15230 | Lair:5   | Found a staircase to the Slime Pits.
 15812 | Lair:6   | Entered Level 6 of the Lair of Beasts
 16052 | Lair:6   | Reached skill level 13 in Unarmed Combat
 16507 | Lair:6   | Killed from afar by a meliai

Skill      XL: |  1  2  3  4  5  6  7  8  9 10 11 12 13 |
---------------+----------------------------------------+-----
Fighting       | 1 2 5 7 9 11 | 11.8
Unarmed Combat | 4 5 7 9 10 11 13 | 13.1
Dodging        | 5 6 |  6.9
Throwing       | 7 9 |  9.5
Transmutations | 5 6 |  6.6
Spellcasting   | |  1.2

Action                   |  1- 3 |  4- 6 |  7- 9 | 10-12 | 13-15 || total
-------------------------+-------+-------+-------+-------+-------++-------
Melee: Unarmed           |   161 |   152 |   249 |   705 |   382 ||  1649
       Punch             |       |     3 |    11 |    25 |     9 ||    48
Throw: Large rock        |       |       |       |    11 |     8 ||    19
       Javelin           |       |       |       |     1 |     7 ||     8
 Cast: Beastly Appendage |     2 |       |       |     1 |     1 ||     4
       Spider Form       |       |       |       |    23 |    26 ||    49
       Sticks to Snakes  |       |       |       |     2 |       ||     2
       Ice Form          |       |       |       |       |     3 ||     3
Invok: Curse Item        |       |       |     3 |     4 |       ||     7
       Scrying           |       |       |       |       |     2 ||     2
Evoke: Wand              |       |       |     1 |     2 |     2 ||     5
  Use: Scroll            |     6 |     2 |     4 |     9 |     2 ||    23
       Potion            |     4 |     1 |     5 |    14 |     4 ||    28
 Stab: Sleeping          |     1 |       |       |       |     1 ||     2
       Confused          |       |       |     2 |       |       ||     2
       Distracted        |       |       |       |     1 |     1 ||     2
       Petrified         |       |       |       |       |     1 ||     1
  Eat: Chunk             |    20 |    14 |    17 |    75 |    34 ||   160
       Bread ration      |       |       |       |       |     1 ||     1
Armor: Robe              |    49 |    37 |    36 |    24 |       ||   146
       Steam dragon scal |       |       |       |   146 |    40 ||   186
       Skin              |       |       |       |    14 |     9 ||    23
Dodge: Dodged            |    78 |    56 |    97 |   610 |   435 ||  1276
Block: Other             |       |       |       |     1 |    24 ||    25
